AoeStats
← 中国足球

Arena

510528334Analyzed
4v4 RM · 2d ago on Oct 1, 2026· 40m 0s· 8 players
Game mode
Random Map
Map size
Large (8 player)
Population
200
Speed
Normal
Resources
Standard
Victory
Conquest
Starting age
Dark Age
Ending age
Imperial Age
RankedLock teamsTeams togetherTeam positionsShared explorationLock speedFull tech treeHidden civsTurbo modeCheats
Victory
Defeat
🇹🇼 Magyars · Taiwan
1138
+14
🇨🇳 Persians · China
1135
+14
🇹🇼 Teutons · Taiwan
1105
+16
🇹🇼 Mongols · Taiwan
1037
+19
🇹🇼 Danes · Taiwan
1125
-17
🇹🇼 Britons · Taiwan
1097
-16
🇨🇳 Franks · China
1087
-15
🇨🇳 Lithuanians · China
1071
-15
XGFC
10:06 Feudal Age
11:26 Double-Bit Axe
14:13 Castle Age
12:01 Horse Collar
15:38 Bow Saw
16:13 Loom
19:12 Town Watch
21:11 Wheelbarrow
22:15 Heavy Plow
23:34 Hand Cart
23:55 Stone Mining
29:15 Imperial Age
27:12 Scale Barding Armor
27:00 Gold Mining
27:46 Stone Shaft Mining
27:24 Forging
28:57 Chain Barding Armor
28:57 Devotion
29:39 Husbandry
29:50 Bloodlines
30:52 Crop Rotation
30:42 Town Patrol
31:29 Plate Barding Armor
31:40 Conscription
34:11 Two-Man Saw
34:13 Chemistry
33:33 Ballistics
33:24 Masonry
34:10 Hoardings
34:06 Hill Forts
35:08 Iron Casting
34:25 Fletching
DongHan
12:47 Feudal Age
13:44 Loom
20:25 Castle Age
21:11 Double-Bit Axe
chiehlin829
10:46 Feudal Age
16:24 Castle Age
14:48 Double-Bit Axe
14:51 Horse Collar
24:15 Fletching
29:54 Imperial Age
27:57 Padded Archer Armor
27:35 Pikeman
29:11 Wheelbarrow
29:12 Bodkin Arrow
29:56 Leather Archer Armor
29:47 Scale Barding Armor
29:45 Scale Mail Armor
30:05 Stone Mining
30:52 Ballistics
30:28 Murder Holes
31:29 Bow Saw
33:54 Warwolf
34:57 Gold Mining
35:11 Heavy Plow
35:20 Scale Barding Armor
35:33 Chain Mail Armor
35:29 Forging
36:54 Town Watch
40:19 Gold Shaft Mining
39:32 Elite Longbowman
2026
0:51 Loom
10:50 Feudal Age
15:02 Castle Age
28:15 Imperial Age
28:29 Cavalier
29:51 Town Watch
30:24 Forging
30:35 Husbandry
30:27 Paladin
32:29 Scale Barding Armor
34:28 Iron Casting
34:38 Murder Holes
34:37 Gold Mining
36:44 Chain Barding Armor
37:26 Blast Furnace
36:51 Ballistics
35:53 Light Cavalry
38:01 Fletching
39:58 Plate Barding Armor
40:20 Wheelbarrow
bluemountain
5:19 Loom
9:08 Feudal Age
9:35 Town Watch
9:37 Double-Bit Axe
10:20 Fletching
23:18 Castle Age
24:07 Bodkin Arrow
25:39 Bow Saw
26:31 Horse Collar
29:44 Wheelbarrow
29:14 Guard Tower
32:53 Imperial Age
31:22 Masonry
31:58 Pikeman
32:38 Squires
32:43 Scale Mail Armor
33:18 Ballistics
34:27 Conscription
36:19 Chemistry
38:08 Padded Archer Armor
38:47 Forging
中国足球
10:22 Feudal Age
11:29 Double-Bit Axe
14:01 Castle Age
12:37 Horse Collar
14:50 Bow Saw
23:59 Wheelbarrow
24:26 Heavy Plow
25:10 Gold Mining
25:58 Hand Cart
25:31 Loom
25:32 Town Watch
29:18 Imperial Age
27:33 Scale Barding Armor
28:40 Gold Shaft Mining
28:34 Forging
30:19 Chain Barding Armor
30:34 Iron Casting
29:55 Stone Mining
30:26 Bloodlines
29:36 Heavy Camel Rider
30:16 Husbandry
29:37 Light Cavalry
31:13 Stone Shaft Mining
31:45 Plate Barding Armor
31:41 Town Patrol
32:46 Two-Man Saw
32:17 Crop Rotation
32:15 Conscription
33:45 Blast Furnace
33:38 Elite War Elephant
33:57 Capped Ram
34:59 Siege Ram
36:30 Citadels
36:55 Hoardings
小小吸管
10:50 Feudal Age
15:29 Castle Age
14:52 Double-Bit Axe
14:53 Horse Collar
20:30 Loom
21:06 Bow Saw
25:51 Wheelbarrow
27:42 Fletching
27:53 Padded Archer Armor
31:17 Imperial Age
30:46 Hand Cart
30:30 Bodkin Arrow
30:51 Leather Archer Armor
33:22 Ballistics
34:04 Chemistry
33:13 Thumb Ring
33:18 Bracer
33:15 Gold Mining
34:10 Elite Mangudai
35:37 Conscription
35:49 Husbandry
36:01 Bloodlines
36:12 Nomads
38:37 Masonry
38:25 Murder Holes
39:27 Hoardings
38:53 Town Watch
39:15 Caravan
40:10 Gold Shaft Mining
MessiahOVO
11:01 Feudal Age
11:37 Double-Bit Axe
12:28 Horse Collar
19:48 Castle Age
18:26 Scale Barding Armor
18:38 Gold Mining
19:27 Bloodlines
19:47 Stone Mining
20:41 Husbandry
21:49 Bow Saw
25:25 Chain Barding Armor
30:24 Masonry
36:06 Imperial Age
33:35 Light Cavalry
37:15 Imperial Age
38:35 Imperial Age
Connection lost

Rejoining the realm…

Still unreachable

The connection could not be restored.

Session expired

The server has moved on; the page needs a fresh start.